 Dungeon Crawl Stone Soup version 0.29.0-13-gc9e81de378 (webtiles) character file.

Game seed: 4017314230562448457

117 SpicyYetSad the Digger (level 4, -2/33 HPs)
             Began as a Draconian Earth Elementalist on Sept 9, 2022.
             Was an Initiate of Makhleb.
             Slain by a phantom (6 damage)
             ... on level 3 of the Dungeon on Sept 10, 2022.
             The game lasted 00:22:10 (1574 turns).

SpicyYetSad the Digger (DrEE)                       Turns: 1574, Time: 00:22:12

Health: -2/33      AC:  5    Str: 11    XL:     4   Next: 71%
Magic:  0/8        EV: 16    Int: 17    God:    Makhleb [......]
Gold:   125        SH:  0    Dex: 11    Spells: 6/9 levels left

rFire   . . .      SeeInvis .   g - +0 spear
rCold   . . .      Faith    .   (no shield)
rNeg    . . .      Spirit   .   (body armour unavailable)
rPois   .          Reflect  .   (helmet restricted)
rElec   .          Harm     .   (no cloak)
rCorr   .          Rampage  .   (no gloves)
Will    .....                   (no boots)
Stlth   ++........              (no amulet)
HPRegen 0.11/turn               j - +4 ring of evasion
MPRegen 0.11/turn               (no ring)

@: very slightly contaminated
A: AC +5, unfitting armour, cold-blooded
a: Renounce Religion


You were on level 3 of the Dungeon.
You worshipped Makhleb.
Makhleb was noncommittal.
You visited 1 branch of the dungeon, and saw 3 of its levels.

You collected 125 gold pieces.

Inventory:

Hand Weapons
 g - a +0 spear (weapon)
Missiles
 n - 6 poisoned darts
Armour
 h - a +0 robe
 l - a +0 robe
 q - +0 swamp dragon scales
Jewellery
 j - a +4 ring of evasion (left hand)
Scrolls
 b - a scroll of blinking {unknown}
 c - 3 scrolls of identify {unknown}
 i - a scroll of vulnerability {unknown}
 k - a scroll of magic mapping {unknown}
 m - a scroll of enchant armour {unknown}
Potions
 a - a potion of magic
 d - a potion of invisibility {unknown}
 e - a potion of heal wounds {unknown}
 f - 4 potions of might {unknown}


   Skills:
 + Level 0.4 Polearms
 + Level 2.1 Dodging
 + Level 1.8 Stealth
 + Level 3.3 Spellcasting
 + Level 1.0 Transmutations
 + Level 4.3 Earth Magic


You had 6 spell levels left.
You knew the following spells:

 Your Spells              Type           Power      Damage    Failure   Level
a - Sandblast             Erth           34%        2d9       3%          1
b - Passwall              Tmut/Erth      9%         N/A       9%          2

Your spell library contained the following spells:

 Spells                   Type           Power      Damage    Failure   Level
 Stone Arrow              Conj/Erth      20%        3d8       22%         3
 Gell's Gravitas          Tloc           2%         N/A       45%         3
 Lesser Beckoning         Tloc           2%         N/A       45%         3
 Teleport Other           Tloc           2%         N/A       45%         3
 Petrify                  Tmut/Erth      11%        N/A       50%         4


Dungeon Overview and Level Annotations

Branches:
Dungeon (3/15)

Altars:
Makhleb


Innate Abilities, Weirdness & Mutations

Your plain brown scales are hard. (AC +5)
You cannot fit into any form of body armour.
You are cold-blooded and may be slowed by cold attacks.


Message History

Press: ? - help, Shift-Dir - straight line, f/p - phantom
Aim: a phantom (moderately damaged, 75% to hit)
The blast of sand hits the phantom.
The phantom is heavily damaged.
The phantom barely misses you.
Casting: Sandblast (safe; 3% risk of failure)
Confirm with . or Enter, or press ? or * to list all spells.
Aiming: Sandblast (safe; 3% risk of failure)
Press: ? - help, Shift-Dir - straight line, f/p - phantom
Aim: a phantom (heavily damaged, 75% to hit)
The blast of sand hits the phantom!
The phantom is severely damaged.
The phantom hits you. The phantom misses you.
Casting: Sandblast (safe; 3% risk of failure)
Confirm with . or Enter, or press ? or * to list all spells.
Aiming: Sandblast (safe; 3% risk of failure)
Press: ? - help, Shift-Dir - straight line, f/p - phantom
Aim: a phantom (severely damaged, 75% to hit)
You miscast Sandblast.
You are very lightly contaminated with residual magic.
Nothing appears to happen.
The phantom hits you!
Casting: Sandblast (safe; 3% risk of failure)
Confirm with . or Enter, or press ? or * to list all spells.
Aiming: Sandblast (safe; 3% risk of failure)
Press: ? - help, Shift-Dir - straight line, f/p - phantom
Aim: a phantom (severely damaged, 75% to hit)
The blast of sand hits the phantom but does no damage.
The phantom is severely damaged.
The phantom hits you!
* * * LOW HITPOINT WARNING * * *
The phantom blinks!
You blink.
Casting: Sandblast (safe; 3% risk of failure)
Confirm with . or Enter, or press ? or * to list all spells.
Aiming: Sandblast (safe; 3% risk of failure)
Press: ? - help, Shift-Dir - straight line, f/p - phantom
Aim: a phantom (severely damaged, 75% to hit)
The blast of sand hits the phantom.
The phantom is almost destroyed.
The phantom hits you.
You die...

#.......## .......†.#
##...# # #..###
####.##.###
............§.##
..............§.##
.........####....# ###
.........#>.##W@.##.>#
.........#...#...#...#
.........##.)#...#..#
#.......###.....#####
#..................#
##..........♣......#
###.#......†......#
#.#.###†....###.#
#.###.'#...#..###


You could see a phantom.

Vanquished Creatures
  Natasha (D:3)
  A gnoll (D:1)
  3 adders
  2 dart slugs
  6 endoplasms
  3 giant cockroaches
  2 goblins (D:2)
  7 hobgoblins
  4 jackals (D:2)
  A quokka (D:1)
  2 ball pythons (D:2)
  7 bats
  2 frilled lizards
  4 kobolds
  4 rats
49 creatures vanquished.

Notes
Turn   | Place    | Note
-------+----------+-------------------------------------------
     0 | D:1      | SpicyYetSad the Draconian Earth Elementalist began the
                  | quest for the Orb.
     0 | D:1      | Reached XP level 1. HP: 14/14 MP: 3/3
   221 | D:1      | Reached XP level 2. HP: 20/20 MP: 1/5
   240 | D:1      | Learned a level 2 spell: Passwall
   507 | D:1      | Reached XP level 3. HP: 25/26 MP: 4/6
  1282 | D:2      | Found a burning altar of Makhleb.
  1286 | D:2      | Reached skill level 4 in Earth Magic
  1286 | D:2      | Reached XP level 4. HP: 33/33 MP: 1/8
  1355 | D:2      | Became a worshipper of Makhleb the Destroyer
  1491 | D:3      | Noticed Natasha
  1496 | D:3      | Killed Natasha
  1561 | D:3      | Noticed a phantom
  1574 | D:3      | Slain by a phantom

Illustrated notes

Levels and vault maps discovered:
D:1:      matt_arrival_diagonals, layout_basic
D:2:      layout_basic, basic_altar, minmay_liquid_box
D:3:      layout_rooms, nicolae_gozag_seed_capital, grunt_ministairs_6,
          serial_bayou_ford_a, minmay_fountain_box, uniq_pargi, uniq_natasha

Skill      XL: |  1  2  3 |
---------------+----------+-----
Dodging        | 2 |  2.1
Spellcasting   | 3 |  3.3
Earth Magic    | 4 |  4.3
Polearms       | |  0.4
Stealth        | |  1.8
Transmutations | |  1.0

Action                   |  1- 3 |  4- 6 || total
-------------------------+-------+-------++-------
Melee: Spear             |     8 |     1 ||     9
 Cast: Sandblast         |    60 |    16 ||    76
 Stab: Sleeping          |     1 |       ||     1
Armor: Skin              |     9 |     1 ||    10
Dodge: Dodged            |    29 |     6 ||    35
